 Dungeon Crawl Stone Soup version 0.16-b1 (webtiles) character file.

8668 McCoppin the Cleaver (level 11, -20/156 HPs)
             Began as a Minotaur Berserker on Mar 14, 2015.
             Was a High Priest of Trog.
             Demolished by an orc warlord
             ... wielding a +0 halberd
              (23 damage)
             ... on level 2 of the Orcish Mines.
             The game lasted 00:44:50 (13307 turns).

McCoppin the Cleaver (Minotaur Berserker)          Turns: 13307, Time: 00:44:50

Health: -20/156    AC: 17    Str: 28    XL:     11   Next: 12%
Magic:  13/13      EV:  9    Int: 10    God:    Trog [*****.]
Gold:   608        SH:  0    Dex: 12    Spells: 0 memorised, 10 levels left

rFire  + . .     SeeInvis +     r - +1 war axe
rCold  . . .     Clarity  +     B - +0 plate armour
rNeg   + . .     SustAb   .     (no shield)
rPois  .         Gourm    .     (helmet restricted)
rElec  .         Spirit   .     (no cloak)
rCorr  .         Warding  .     Q - -3 pair of gloves of Impermeability {MP+9 Int+6 SInv} (curse)
rMut   .         Stasis   .     U - +2 pair of boots {run}
MR     ++...                    w - amulet of rage
Stlth  ..........               S - ring of positive energy
                                y - ring of wizardry

@: berserking (expiring), regenerating, very quick, very resistant to hostile
enchantments, extremely unstealthy
A: retaliatory headbutt, horns 2, clarity, fire resistance 1
a: Burn Spellbooks, Berserk, Trog's Hand, Brothers in Arms, Renounce Religion,
Evoke Berserk Rage


You were on level 2 of the Orcish Mines.
You worshipped Trog.
Trog was extremely pleased with you.
You were not hungry.

You visited 2 branches of the dungeon, and saw 13 of its levels.

You collected 961 gold pieces.
You spent 353 gold pieces at shops.

Inventory:

Hand weapons
 a - a cursed +0 hand axe
 p - a +0 dagger
 r - a +1 war axe (weapon)
 s - a +0 blowgun
Missiles
 t - 47 poisoned needles
 G - 6 poisoned tomahawks (quivered)
 I - 6 needles of sleeping
 P - 5 needles of slowing
 T - 2 tomahawks of returning
Armour
 b - a +0 animal skin
 i - a +0 pair of gloves
 k - a +0 chain mail
 z - the -4 leather armour "Thryjun" {rElec rN+ Str+4 Stlth-}
   (You found it on level 9 of the Dungeon)

   It affects your strength (+4).
   It insulates you from electricity.
   It protects you from negative energy.
   It makes you less stealthy.
 B - a +0 plate armour (worn)
 Q - the cursed -3 pair of gloves of Impermeability (worn) {MP+9 Int+6 SInv}
   (You bought it in a shop on level 1 of the Orcish Mines)

   It affects your intelligence (+6).
   It affects your magic capacity (+9).
   It enhances your eyesight.
   It has a curse placed upon it.
 U - a +2 pair of boots of running (worn)
Jewellery
 w - an amulet of rage (around neck)
 y - a ring of wizardry (left hand)
 S - a ring of positive energy (right hand)
Magical devices
 f - a wand of draining (3)
 h - a wand of digging (10)
 q - a wand of invisibility (5)
 C - a wand of digging (9)
 J - a wand of heal wounds (5)
 N - a wand of teleportation (5)
Scrolls
 e - a scroll of noise
 g - 2 scrolls of fear
 j - 5 scrolls of teleportation
 n - 3 scrolls of enchant weapon
 o - a scroll of magic mapping
 u - 4 scrolls of blinking {unknown}
 x - 5 scrolls of recharging {unknown}
 F - 4 scrolls of identify
 M - a scroll of random uselessness {unknown}
Potions
 d - a potion of might {unknown}
 l - 2 potions of lignification {unknown}
 A - 5 potions of heal wounds {unknown}
 D - a potion of restore abilities {unknown}
 H - 2 potions of resistance {unknown}
 L - 4 potions of curing {unknown}
 O - a potion of agility
 R - a potion of magic {unknown}
Comestibles
 c - 7 bread rations
 m - 6 beef jerkies
 v - 6 meat rations
 E - 2 slices of pizza
 K - 11 fruits


   Skills:
 + Level 11.8 Fighting
 + Level 12.9 Axes
 - Level 11.0 Armour
 + Level 4.1 Dodging


You had 10 spell levels left.
You didn't know any spells.

Dungeon Overview and Level Annotations

Branches:
Dungeon (10/15)            Temple (0/1) D:5            Lair (0/8) D:10
    Orc (3/4) D:9
    Elf: Orc:3-4

Altars:
Ashenzari
Cheibriados
Dithmenos
Elyvilon
Okawaru
Sif Muna
The Shining One

Shops:
D:6 %   D:8 :   Orc:1 [   Orc:2 [

Annotations:
Orc:3 Urug


Innate Abilities, Weirdness & Mutations

You reflexively headbutt those who attack you in melee.
You have a pair of horns on your head.
You possess an exceptional clarity of mind.
Your flesh is heat resistant.


Message History

The orc warlord is heavily wounded.
You closely miss the orc priest. You slash the troll!
The troll is heavily wounded.
You hit the orc warrior.
The orc warrior is moderately wounded.
Your plate armour prevents you from hitting the orc warrior.
The orc warrior is heavily wounded.
You hit the orc wizard.
The orc wizard is severely wounded.
The orc warrior hits you with a mace!!
* * * LOW HITPOINT WARNING * * *
The orc warrior hits you with a flail of crushing!
* * * LOW HITPOINT WARNING * * *
x2 The troll bites you.
* * * LOW HITPOINT WARNING * * *
The troll claws you.
* * * LOW HITPOINT WARNING * * *
The troll barely misses you.
The orc warlord hits you from afar with a halberd!!
You die...

....## #..... .....#
...... ...### ..... ##
..## ....## ##... ...##
##.......####......
....##..........$#......<
.....#.................#.
)................To.......
.#.......## #$..@oo..#
##.......####...oo).##
##.........##........#
#.....#...###.........#
...........#...#..#....#
..)..##.>)....##.##.#...
...####..)....#### ##...
...# ###)...## ####
#.)....#


You could see an orc warlord, a troll, 2 orc warriors, an orc priest (frenzied)
and an orc wizard (frenzied).

Vanquished Creatures
  A hill giant (D:6)
  Joseph (D:7)
  Psyche (Orc:1)
  A two-headed ogre (D:8)
  A wyvern (D:10)
  3 wraiths
  A hippogriff (D:8)
  A hungry ghost (D:7)
  2 steam dragons (D:5)
  Edmund (D:4)
  7 orc warriors
  A necrophage (D:7)
  5 ice beasts
  6 centaurs
  A wasp (D:10)
  2 sky beasts (D:9)
  A black bear (D:6)
  6 ogres
  A phantom (D:8)
  A big kobold (D:7)
  A crocodile (D:10)
  Sigmund (D:7)
  2 boring beetles (D:10)
  7 giant frogs
  2 scorpions (D:8)
  9 wights
  6 killer bees (D:7)
  5 crimson imps
  The ghost of BLOAX the Insei, a weakling TeTm (D:3)
  2 giant frog zombies
  4 hounds
  2 quasits
  3 giant frog skeletons
  2 jellies (D:9)
  10 orc priests
  A centaur skeleton (D:6)
  3 iguanas
  A gnoll shaman (D:8)
  13 orc wizards
  9 worker ants
  A hound zombie (D:8)
  A hound skeleton (D:10)
  A mummy (D:10)
  13 gnolls
  10 adders
  3 shadow imps
  5 worms
  5 giant geckos
  An ooze (D:5)
  61 orcs
  13 bats
  A bat zombie (D:7)
  3 giant cockroaches
  15 goblins
  26 hobgoblins
  22 jackals
  31 kobolds
  2 ball pythons (D:3)
  A giant gecko skeleton (D:5)
  A giant gecko zombie (D:7)
  3 giant newts
  A jackal zombie (D:8)
  2 quokkas
  2 quokka skeletons
  A quokka zombie (D:8)
  16 rats
  3 ballistomycetes (D:10)
372 creatures vanquished.

Vanquished Creatures (others)
  A giant cockroach (D:7)
  A giant spore (D:10)
  A fungus (D:5)
3 creatures vanquished.

Grand Total: 375 creatures vanquished

Notes
Turn   | Place    | Note
--------------------------------------------------------------
     0 | D:1      | McCoppin, the Minotaur Berserker, began the quest for the Orb.
     0 | D:1      | Reached XP level 1. HP: 19/19 MP: 1/1
   157 | D:1      | Reached skill level 4 in Axes
   340 | D:2      | Reached XP level 2. HP: 15/26 MP: 1/1
   940 | D:3      | Noticed BLOAX's ghost (weakling TeTm)
   941 | D:3      | Reached skill level 5 in Axes
   950 | D:3      | Killed BLOAX's ghost
   950 | D:3      | Reached XP level 3. HP: 31/31 MP: 2/2
  1119 | D:3      | Reached XP level 4. HP: 39/39 MP: 2/2
  1206 | D:3      | Reached skill level 6 in Axes
  1791 | D:4      | Acquired Trog's second power
  1842 | D:4      | Found a white marble altar of Elyvilon.
  1883 | D:5      | Entered Level 5 of the Dungeon
  1942 | D:5      | Found a staircase to the Ecumenical Temple.
  2040 | D:6      | Reached XP level 5. HP: 45/45 MP: 2/2
  2194 | D:6      | Noticed an ogre
  2195 | D:6      | Noticed an orc warrior
  2212 | D:6      | Reached skill level 7 in Axes
  2213 | D:6      | Killed an ogre
  2215 | D:6      | Reached XP level 6. HP: 23/53 MP: 3/3
  2465 | D:6      | HP: 1/79 [orc warrior/halberd (17)]
  2469 | D:6      | Killed an orc warrior
  2795 | D:6      | Noticed a black bear
  2807 | D:6      | Killed a black bear
  2807 | D:6      | Reached skill level 5 in Fighting
  2869 | D:6      | Found Qigan's Food Shoppe.
  2872 | D:6      | Noticed a giant frog
  2877 | D:6      | Killed a giant frog
  2877 | D:6      | Reached XP level 7. HP: 55/61 MP: 3/3
  2964 | D:6      | Noticed an orc warrior
  2986 | D:6      | Killed an orc warrior
  2986 | D:6      | Reached skill level 8 in Axes
  3000 | D:6      | Reached skill level 5 in Armour
  3265 | D:7      | Noticed Joseph
  3279 | D:7      | Killed Joseph
  3279 | D:7      | Reached skill level 9 in Axes
  3279 | D:7      | Reached XP level 8. HP: 71/71 MP: 3/3
  3373 | D:7      | Noticed Sigmund
  3377 | D:7      | Noticed a wraith
  3382 | D:7      | Killed Sigmund
  3391 | D:7      | Killed a wraith
  3644 | D:7      | Reached skill level 10 in Axes
  3836 | D:7      | Reached XP level 9. HP: 73/81 MP: 4/4
  4683 | D:8      | Acquired Trog's third power
  4769 | D:8      | Found Gronehar's Book Emporium.
  4781 | D:8      | Reached skill level 11 in Axes
  4951 | D:8      | Found a deep blue altar of Sif Muna.
  5883 | D:9      | Found a staircase to the Orcish Mines.
  5908 | D:9      | Reached XP level 10. HP: 93/93 MP: 4/4
  5928 | D:9      | Reached skill level 10 in Fighting
  6110 | D:9      | Found a shattered altar of Ashenzari.
  6114 | D:9      | Found a glowing golden altar of the Shining One.
  6114 | D:9      | Found a shadowy altar of Dithmenos.
  6123 | D:9      | Found an iron altar of Okawaru.
  6127 | D:9      | Found a snail-covered altar of Cheibriados.
  6284 | D:9      | Got a faintly humming leather armour
  6295 | D:9      | Identified the cursed -4 leather armour "Thryjun" {rElec rN+ Str+4 Stlth-} (You found it on level 9 of the Dungeon)
  6329 | D:9      | Gained mutation: You possess an exceptional clarity of mind. [mutagenic meat]
  6330 | D:9      | Gained mutation: Your flesh is heat resistant. [mutagenic meat]
  6359 | D:9      | Reached skill level 10 in Armour
  6775 | D:7      | Received a gift from Trog
  7020 | D:6      | Noticed a hill giant
  7283 | D:6      | Killed a hill giant
  7283 | D:6      | Reached skill level 12 in Axes
  7903 | D:5      | Noticed a steam dragon
  7903 | D:5      | Noticed a steam dragon
  7917 | D:5      | Killed a steam dragon
  7922 | D:5      | Killed a steam dragon
  8612 | D:4      | Noticed Edmund
  8623 | D:4      | Killed Edmund
 10265 | D:1      | Received a gift from Trog
 11031 | D:10     | Entered Level 10 of the Dungeon
 11495 | D:10     | Paralysed by a wasp for 2 turns
 11912 | D:10     | Found a staircase to the Lair.
 12534 | D:10     | Reached XP level 11. HP: 94/104 MP: 4/4
 12792 | Orc:1    | Entered Level 1 of the Orcish Mines
 12792 | Orc:1    | Found Vapac's Antique Armour Boutique.
 12792 | Orc:1    | Noticed Psyche
 12805 | Orc:1    | Killed Psyche
 12919 | Orc:1    | Bought a pair of crude gloves for 218 gold pieces
 12929 | Orc:1    | Identified the cursed -3 pair of gloves of Impermeability {MP+9 Int+6 SInv} (You bought it in a shop on level 1 of the Orcish Mines)
 13055 | Orc:1    | You fall through a shaft!
 13077 | Orc:3    | Noticed Urug
 13109 | Orc:2    | Received a gift from Trog
 13188 | Orc:2    | Found Umabuiju's Antique Armour Boutique.
 13199 | Orc:2    | Bought a pair of glowing boots for 135 gold pieces
 13204 | Orc:2    | Identified a +2 pair of boots of running (You bought it in a shop on level 2 of the Orcish Mines)
 13295 | Orc:2    | Noticed an orc warlord
 13306 | Orc:2    | HP: 7/156 [orc warrior/flail of crushing[an orc warlord] (2)]
 13306 | Orc:2    | HP: 2/156 [troll[an orc warlord] (3)]
 13307 | Orc:2    | Demolished by an orc warlord

Action                   |  1- 3 |  4- 6 |  7- 9 | 10-12 || total
-------------------------+-------+-------+-------+-------++-------
Melee: Hand axe          |    53 |    84 |    39 |       ||   176
       War axe           |       |       |   275 |   396 ||   671
 Fire: Blowgun           |       |       |       |     8 ||     8
Invok: Berserk           |     3 |     3 |     7 |     5 ||    18
       Trog's Hand       |       |     1 |     4 |     2 ||     7
       Burn Spellbooks   |       |       |     1 |     1 ||     2
  Use: Scroll            |       |     1 |     6 |     1 ||     8
  Eat: Chunk             |     2 |     3 |    10 |    12 ||    27
       Bread ration      |     1 |       |     2 |     1 ||     4
       Meat ration       |       |     1 |       |     2 ||     3
       Royal jelly       |       |     1 |       |       ||     1
       Beef jerky        |       |       |       |     1 ||     1
